 Dungeon Crawl Stone Soup version 0.19.0 (webtiles) character file.

232 TheGoonsmith the Poker (level 5, -3/42 HPs)
             Began as a Demonspawn Gladiator on Nov 14, 2016.
             Slain by a gnoll
             ... wielding a +0 flail
              (10 damage)
             ... on level 4 of the Dungeon.
             The game lasted 00:03:34 (3054 turns).

TheGoonsmith the Poker (Demonspawn Gladiator)       Turns: 3054, Time: 00:03:35

Health: -3/42      AC:  6    Str: 16    XL:     5   Next: 73%
Magic:  5/5        EV: 12    Int:  9    God:
Gold:   146        SH:  0    Dex: 14    Spells: 0 memorised, 4 levels left

rFire  + . .     SeeInvis .     a - +0 trident
rCold  + . .     Gourm    .     b - +0 leather armour
rNeg   . . .     Faith    .     (no shield)
rPois  +         Spirit   .     c - +0 helmet
rElec  +         Reflect  .     (no cloak)
rCorr  +         Harm     .     (no gloves)
MR     .....                    (no boots)
Stlth  ++........               (no amulet)
                                (no ring)
                                (no ring)

@: resistant
A: slimy green scales 1, nightstalker 1
a: no special abilities


You were on level 4 of the Dungeon.
You were very hungry.

You visited 1 branch of the dungeon, and saw 4 of its levels.

You collected 146 gold pieces.

Inventory:

Hand Weapons
 a - a +0 trident (weapon)
Missiles
 d - 3 throwing nets (quivered)
Armour
 b - a +0 leather armour (worn)
 c - a +0 helmet (worn)
Jewellery
 k - a +2 ring of protection {unknown}
Wands
 l - a wand of flame (26/48)
Scrolls
 e - 2 scrolls of immolation
 h - 2 scrolls of blinking {unknown}
 p - 2 scrolls of enchant weapon {unknown}
 r - a scroll of identify {unknown}
 t - a scroll of amnesia {unknown}
 u - a scroll of remove curse {unknown}
 v - a scroll of recharging {unknown}
Potions
 n - a potion of magic {unknown}
 o - a potion of lignification {unknown}
 s - a potion of curing {unknown}
Comestibles
 f - 2 bread rations
 i - 3 beef jerkies
 j - 2 meat rations
 m - 2 slices of pizza
 q - 2 fruits


   Skills:
 + Level 4.2 Fighting
 * Level 4.7 Polearms
 - Level 1.7 Throwing
 - Level 2.6 Dodging


You had 4 spell levels left.
You didn't know any spells.

Dungeon Overview and Level Annotations

Branches:
Dungeon (4/15)
 Temple: D:4-7

Altars:
Fedhas
Xom


Innate Abilities, Weirdness & Mutations

You are partially covered in slimy green scales. (AC +2)
You are slightly more attuned to the shadows.


Message History

You hit the gnoll.
The gnoll is lightly wounded.
The gnoll misses you. The gnoll barely misses you.
The gnoll hits you with a flail.
Attack whom?
Press: ? - help, Dir - move target cursor, f - gnoll
Aim: a gnoll, wielding a flail (lightly wounded)
You reach to attack!
You hit the gnoll.
The gnoll is moderately wounded.
The gnoll hits you with a flail!
* * * LOW HITPOINT WARNING * * *
Okay, then.
As you read the scroll labeled ZEUMAS HAPNIFF, it crumbles to dust.
The creatures around you are filled with an inner flame!
It was a scroll of immolation.
Okay, then.
It was a potion of resistance.
You feel protected. The gnoll hits you with a flail!
You die...

...h# #...# #.#.#
#...# #.#.#.# #...#
##.#...## #...#
#.....$.######...##
###..###.............
.....†............(..
#..#....g..........
#.@#.##)######...##
#..g#.#.# #...#
#.....g.# #...#
.......#### #...#
.######## <..#


You could see a gnoll (inner flame).

Vanquished Creatures
  A howler monkey (D:4)
  2 hounds (D:4)
  5 adders
  2 oozes
  2 worms
  4 dart slugs
  A leopard gecko (D:2)
  2 orcs
  A ball python (D:1)
  7 bats
  6 giant cockroaches
  8 goblins
  6 hobgoblins
  2 jackals (D:3)
  4 frilled lizards
  8 kobolds
  9 rats
70 creatures vanquished.

Notes
Turn   | Place    | Note
-------+----------+-------------------------------------------
     0 | D:1      | TheGoonsmith the Demonspawn Gladiator began the quest for the Orb.
     0 | D:1      | Reached XP level 1. HP: 16/16 MP: 1/1
   365 | D:1      | Gained mutation: You are slightly more attuned to the shadows. [demonic ancestry]
   365 | D:1      | Reached XP level 2. HP: 19/23 MP: 2/2
   932 | D:2      | Reached XP level 3. HP: 19/28 MP: 3/3
  1664 | D:2      | Gained mutation: You are partially covered in slimy green scales. (AC +2) [demonic ancestry]
  1664 | D:2      | Reached XP level 4. HP: 35/35 MP: 4/4
  1694 | D:2      | Found a blossoming altar of Fedhas.
  2385 | D:3      | Found a shimmering altar of Xom.
  2835 | D:4      | Reached XP level 5. HP: 30/42 MP: 5/5
  2915 | D:4      | Found a blossoming altar of Fedhas.
  3054 | D:4      | Slain by a gnoll

Skill      XL: |  1  2  3  4  5 |
---------------+----------------+-----
Polearms       | 3 4 |  4.7
Fighting       | 3 4 |  4.2
Throwing       | |  1.7
Dodging        | |  2.6

Action                   |  1- 3 |  4- 6 || total
-------------------------+-------+-------++-------
Melee: Trident           |   120 |   133 ||   253
  Use: Scroll            |       |     1 ||     1
       Potion            |       |     1 ||     1
 Stab: Sleeping          |    12 |     9 ||    21
  Eat: Chunk             |     2 |     4 ||     6
Armor: Leather armour    |    22 |    32 ||    54
Dodge: Dodged            |    71 |    77 ||   148
